 Dungeon Crawl Stone Soup version 0.29-a0-233-g1125b37a9b (console) character file.

Game seed: 2025207573024685763

1098 petzl the Sneak (level 8, 0/60 HPs)
             Began as a Formicid Arcane Marksman on Mar 1, 2022.
             Slain by an acid dragon (13 damage)
             ... on level 7 of the Dungeon.
             The game lasted 00:24:00 (6993 turns).

petzl the Sneak (Formicid Arcane Marksman)          Turns: 6993, Time: 00:24:01

Health: 0/60       AC: -1    Str: 20    XL:     8   Next: 57%
Magic:  12/14      EV: 13    Int: 16    God:
Gold:   200        SH:  0    Dex: 19    Spells: 9/15 levels left

rFire   . . .      SeeInvis +   a - +0 dagger (venom) {!f =f}
rCold   . . .      Faith    +   t - orb {light}
rNeg    . . .      Spirit   .   r - +2 leather armour of Ohicsan {Dex+2}
rPois   .          Reflect  .   (helmet unavailable)
rElec   .          Harm     .   (no cloak)
rCorr   .          Rampage  .   (no gloves)
Will    .....                   k - +0 pair of boots
Stlth   +.........              o - amulet of faith
HPRegen 0.20/turn               g - +6 ring of strength
MPRegen 0.14/turn               w - +6 ring of dexterity

@: corroded, glowing
A: permanent stasis, dig shafts and tunnels, antennae 3, four strong arms
a: Dig, Shaft Self


You were on level 7 of the Dungeon.
You visited 1 branch of the dungeon, and saw 7 of its levels.

You collected 200 gold pieces.

Inventory:

Hand Weapons
 a - a +0 dagger of venom (weapon) {!f =f}
 b - a +0 hand crossbow
 c - a +4 dagger of chaos {!f =f}
Missiles
 d - 16 poisoned darts (quivered)
 f - 69 stones
 l - 5 datura-tipped darts
Armour
 k - a +0 pair of boots (worn)
 r - the +2 leather armour of Ohicsan (worn) {Dex+2}
   (You found it on level 2 of the Dungeon)

   Dex:       It affects your dexterity (+2).
 t - an orb of light (worn)
 y - the +1 robe of Zin's Hatred {Int+2}
   (You found it on level 2 of the Dungeon)

   Int:       It affects your intelligence (+2).
 B - a +2 robe of fire resistance
Jewellery
 g - a +6 ring of strength (left hand)
 o - an amulet of faith (around neck)
 w - a +6 ring of dexterity (right hand)
Wands
 u - a wand of flame (23)
 x - a wand of digging (3)
Scrolls
 h - a scroll of immolation {unknown}
 i - 3 scrolls of noise {unknown}
 j - a scroll of magic mapping
 q - a scroll of fog {unknown}
 s - a scroll of blinking {unknown}
 v - a scroll of identify {unknown}
 C - a scroll of enchant weapon {unknown}
Potions
 e - 3 potions of degeneration {unknown}
 m - a potion of haste {unknown}
 n - a potion of berserk rage {unknown}
 p - a potion of curing {unknown}
 z - a potion of flight {unknown}
 A - 2 potions of lignification {unknown}


   Skills:
 + Level 3.9 Fighting
 - Level 2.0 Short Blades
 - Level 2.0 Crossbows
 - Level 3.6 Armour
 - Level 3.5 Dodging
 + Level 4.5 Stealth
 + Level 4.4 Spellcasting
 * Level 1.2 Conjurations
 - Level 3.6 Hexes
 * Level 1.4 Ice Magic
 * Level 1.1 Air Magic
 - Level 2.0 Evocations


You had 9 spell levels left.
You knew the following spells:

 Your Spells              Type           Power      Damage    Failure   Level
a - Slow                  Hex            60%        N/A       4%          1
b - Freezing Cloud        Conj/Ice/Air   3%         6-21      97%         5

Your spell library contained the following spells:

 Spells                   Type           Power      Damage    Failure   Level
 Inner Flame              Hex/Fire       9%         N/A       26%         3
 Portal Projectile        Hex/Tloc       18%        N/A       26%         3
 Cause Fear               Hex            7%         N/A       38%         4
 Simulacrum               Ice/Necr       2%         N/A       100%        6
 Polar Vortex             Ice            4%         N/A       100%        9


Dungeon Overview and Level Annotations

Branches:
Dungeon (8/15)               Lair (0/6) D:8
 Temple: D:4-7

Altars:
Hepliaklqana
Okawaru
Qazlal
Ru

Annotations:
D:4 exclusion: 2 downstairs
D:7 exclusion: downstairs


Innate Abilities, Weirdness & Mutations

You cannot be hasted, slowed, berserked, paralysed or teleported.
You can dig through walls and to a lower floor.
You have a pair of large antennae on your head. (SInv)
Your four strong arms can wield two-handed weapons with a shield.


Message History

There is a stone staircase leading up here.
There is a stone staircase leading down here.
You climb downwards.
The acid dragon roars!
You hear a shout!
The acid dragon closely misses you.
The acid dragon claws you but does no damage.
Found a dagger.
There is a stone staircase leading up here.
The acid dragon bites you. The acid dragon closely misses you.
You climb upwards.
Level annotation: exclusion: downstairs
There is a stone staircase leading down here.
Casting: Slow (safe; 4% risk of failure)
Confirm with . or Enter, or press ? or * to list all spells.
Aiming: Slow (safe; 4% risk of failure)
Press: ? - help, Shift-Dir - straight line, f - acid dragon
Aim: an acid dragon (haloed, chance to affect: 54%)
The acid dragon resists with significant effort.
The acid dragon spits acid at you. The splash of acid hits you!!
The acid corrodes you!
Casting: Slow (safe; 4% risk of failure)
Confirm with . or Enter, or press ? or * to list all spells.
Aiming: Slow (safe; 4% risk of failure)
Press: ? - help, Shift-Dir - straight line, f/p - acid dragon
Aim: an acid dragon (catching its breath, haloed, chance to affect: 54%)
The acid dragon resists with significant effort.
The acid dragon bites you but does no damage.
The acid dragon closely misses you.
Press: ? - help, v - describe, . - travel
Here: an acid dragon (haloed)
The floor.
Unknown command.
Are you sure you want to shaft yourself?
The acid dragon spits acid at you. The splash of acid hits you!!
* * * LOW HITPOINT WARNING * * *
The acid corrodes you!
You begin to dig a shaft.
You continue digging a shaft.
The acid dragon bites you!
You die...

#§§§≈≈≈§..#.#...... {{ #o###
.#########..###.### #
.#####......###...
.......##.#........ {{
######.##.#........
#............ ####.#.......
#######.#.####.. #.......#.(
#.###########............#
#.#... ...#.#.[..........#
#.#.#####...#............#
#.....)..................#
###)###..................#
#.# #.###..............####.
#.# #.# #.....[.............
#)# #.# #.......<...........
#.###.###..........D........
#...#...............@.......
#)#######...................
#.....#####.######......8...
###.....###.# #......####
#.#.......# #......# ..
#)###.##### ######## .
#.....# #######


You could see an acid dragon (catching breath).

Vanquished Creatures
  Psyche (D:8)
  A steam dragon (D:7)
  A black bear (D:3)
  A kobold brigand (D:8)
  2 bullfrogs (D:8)
  A scorpion (D:7)
  2 hounds
  A jelly (D:4)
  2 iguanas
  2 orc wizards (D:7)
  Robin (D:2)
  5 adders
  A white imp (D:4)
  3 dart slugs
  6 orcs (D:7)
  8 ball pythons
  3 bats
  10 endoplasms
  2 giant cockroaches
  12 goblins
  6 hobgoblins
  10 jackals
  9 kobolds
  3 quokkas (D:4)
  3 frilled lizards
  8 rats
104 creatures vanquished.

Notes
Turn   | Place    | Note
-------+----------+-------------------------------------------
     0 | D:1      | petzl the Formicid Arcane Marksman began the quest for the
                  | Orb.
     0 | D:1      | Reached XP level 1. HP: 15/15 MP: 2/2
   370 | D:1      | Reached XP level 2. HP: 10/21 MP: 0/3
   672 | D:1      | You fall into a shaft and drop 1 floor!
  1000 | D:3      | Reached skill level 1 in Stealth
  1284 | D:3      | Reached skill level 1 in Armour
  1284 | D:3      | Reached XP level 3. HP: 8/27 MP: 5/5
  2218 | D:1      | Reached XP level 4. HP: 32/33 MP: 6/6
  2570 | D:2      | Identified the +2 leather armour of Ohicsan {Dex+2}
  2882 | D:2      | Noticed Robin
  3059 | D:2      | Killed Robin
  3318 | D:2      | You fall into a shaft and drop 2 floors!
  3476 | D:4      | Reached XP level 5. HP: 38/38 MP: 8/8
  3667 | D:4      | Found a hazy altar of Hepliaklqana.
  3680 | D:5      | Entered Level 5 of the Dungeon
  3680 | D:5      | Noticed a black bear
  3887 | D:2      | Identified the +1 robe of Zin's Hatred {Int+2}
  4236 | D:3      | Found a stormy altar of Qazlal.
  4369 | D:3      | Noticed a black bear
  4381 | D:3      | Killed a black bear
  4382 | D:3      | Reached XP level 6. HP: 43/46 MP: 7/10
  4407 | D:3      | Found an iron altar of Okawaru.
  4770 | D:4      | Noticed an acid dragon
  5716 | D:4      | You fall into a shaft and drop 3 floors!
  5716 | D:7      | Noticed an orc warrior
  5718 | D:7      | HP: 1/47 [orc/+0 club (3)]
  5719 | D:7      | You fall into a shaft and drop 1 floor!
  6029 | D:8      | Noticed Psyche
  6052 | D:8      | Killed Psyche
  6053 | D:8      | Reached skill level 1 in Short Blades
  6053 | D:8      | Reached skill level 1 in Evocations
  6053 | D:8      | Reached XP level 7. HP: 28/52 MP: 8/12
  6351 | D:8      | Reached XP level 8. HP: 38/59 MP: 12/14
  6540 | D:7      | Found a sacrificial altar of Ru.
  6610 | D:7      | Learned a level 5 spell: Freezing Cloud
  6823 | D:7      | Reached skill level 1 in Ice Magic
  6828 | D:7      | Reached skill level 1 in Conjurations
  6828 | D:7      | Reached skill level 1 in Air Magic
  6993 | D:7      | Slain by an acid dragon

Illustrated notes

Levels and vault maps discovered:
D:1:      ncdulo_smallfort, layout_loops_cross
D:2:      minmay_evil_eye, layout_loops_cross, uniq_robin
D:3:      layout_basic, nicolae_qazlal_scattered_showers,
          mainiacjoe_overflow_six_doors_small
D:4:      layout_basic, kennysheep_mini, serial_corexii_hall,
          corexii_hall_statues_l, corexii_hall_statues_l,
          chequers_hall_statues_y, chequers_hall_statues_corner_a,
          grunt_ministairs_2, minmay_misc_feat_columns, uniq_menkaure
D:5:      layout_rooms, nicolae_wu_jian_glorious_leap,
          minmay_temple_entry_proselytizer, serial_shops,
          nicolae_shop_hallway_plus
D:7:      layout_basic, mainiacjoe_overflow_paths, biasface_ghost_orc_armoury
D:8:      layout_rooms, dpeg_lair_monsters, uniq_psyche

Skill      XL: |  1  2  3  4  5  6  7  8 |
---------------+-------------------------+-----
Dodging        | 2 3 |  3.5
Stealth        | 1 2 3 4 |  4.5
Armour         | 1 2 3 |  3.6
Fighting       | 2 3 |  3.9
Spellcasting   | 2 3 4 |  4.4
Short Blades   | 1 2 |  2.0
Evocations     | 1 2 |  2.0
Ice Magic      | 1 |  1.4
Conjurations   | 1 |  1.2
Air Magic      | 1 |  1.1
Crossbows      | |  2.0
Hexes          | |  3.6

Action                   |  1- 3 |  4- 6 |  7- 9 || total
-------------------------+-------+-------+-------++-------
Melee: Unarmed           |    42 |       |       ||    42
       Short sword       |   125 |    47 |       ||   172
       Dagger            |       |   122 |    79 ||   201
Throw: Dart              |    14 |       |     1 ||    15
       Stone             |       |     5 |     6 ||    11
 Cast: Slow              |     9 |    19 |    15 ||    43
 Abil: Shaft Self        |     1 |     3 |     1 ||     5
       Dig               |     1 |       |       ||     1
Evoke: Wand              |       |     2 |       ||     2
  Use: Scroll            |       |     1 |     1 ||     2
 Stab: Sleeping          |     1 |     2 |     1 ||     4
Armor: Robe              |    22 |       |       ||    22
       Leather armour    |    35 |    36 |    18 ||    89
       Skin              |       |     2 |     5 ||     7
Dodge: Dodged            |   124 |    92 |    34 ||   250

Table legend: (Time is in decaauts)
 A = Elapsed time spent in this place.
 B = Non-inter-level travel time spent in this place.
 C = Inter-level travel time spent in this place.
 D = Time resting spent in this place.
 E = Time spent auto-exploring this place.
 F = Levels seen in this place.
 G = Mean time per level.
                   A        B        C        D        E       F      G
               +--------+--------+--------+--------+--------+-----+--------+
         Total |   7012 |   6912 |    100 |   3259 |   1551 |   7 | 1001.7 |
       Dungeon |   7012 |   6912 |    100 |   3259 |   1551 |   7 | 1001.7 |
               +--------+--------+--------+--------+--------+-----+--------+

Top non-repeatable levels by time:
     D:1: 1529 daAuts
     D:2: 1529 daAuts
     D:4: 1365 daAuts
     D:3: 1306 daAuts
     D:8: 781 daAuts
     D:7: 489 daAuts
     D:5: 10 daAuts
